 Dungeon Crawl Stone Soup version 5.4-101-gcf516dc (webtiles) character file.

1 Implojin the Skirmisher (level 1, 0/18 HPs)
             Began as a Mummy Monk on Mar 18, 2018.
             Slain by a jackal (3 damage)
             ... on level 1 of the Dungeon.
             The game lasted 00:01:16 (555 turns).

Implojin the Skirmisher (Mummy Monk)                 Turns: 555, Time: 00:01:16

Health: 0/18       AC:  0 (0%)Str: 14   XL:     1   Next: 58%
Magic:  2/2        EV: 13    Int:  9    God:
Gold:   25         SH:  0    Dex: 14    Spells: 0/0 levels left

rFire    x . .     SeeInvis .     - Unarmed
rCold    + . .     Faith    .   (no shield)
rNeg     + + +     Spirit   .   (no armour)
rPois    ∞         Reflect  .   (no helmet)
rElec    .                      (no cloak)
rCorr    .                      (no gloves)
MR       .....                  (no boots)
Stlth    ++........             (no amulet)
Regen    0.1/turn               (no ring)
MPRegen  0.2/turn               (no ring)

@: no status effects
A: no food or potions, fire vulnerability, cold resistance 1, negative energy
resistance 3, torment resistance, unbreathing
a: no special abilities


You were on level 1 of the Dungeon.
You were not hungry.

You visited 1 branch of the dungeon, and saw 1 of its levels.

You collected 25 gold pieces.

Inventory:

Scrolls
 a - a scroll of noise


   Skills:
 - Level 3.0 Fighting
 - Level 2.4 Dodging
 - Level 1.5 Stealth
 * Level 2.7 Unarmed Combat
 - Level 2.4 Invocations


You couldn't memorise any spells.
You didn't know any spells.

Dungeon Overview and Level Annotations

Branches:
Dungeon (1/15)

Altars:


Innate Abilities, Weirdness & Mutations

You do not eat or drink.
Your flesh is vulnerable to fire.
You are immune to poison.
Your flesh is cold resistant. (rC+)
You are immune to negative energy. (rN+++)
You are immune to unholy pain and torment.
You can survive without breathing.


Message History

Unknown command.
You hit the kobold but do no damage. The kobold barely misses you.
You hit the kobold but do no damage. The kobold closely misses you.
You hit the kobold but do no damage. The kobold hits you (3).
* * * LOW HITPOINT WARNING * * *
Unknown command.
You completely miss the kobold. The kobold misses you.
You hit the kobold but do no damage. The kobold misses you.
You hit the kobold but do no damage. The kobold barely misses you.
You hit the kobold but do no damage. The kobold hits you (2).
* * * LOW HITPOINT WARNING * * *
Unknown command.
You barely miss the kobold.
Unknown command.
You hit the kobold but do no damage. The kobold hits you (2).
* * * LOW HITPOINT WARNING * * *
Unknown command.
The kobold hits you (4).
* * * LOW HITPOINT WARNING * * *
Unknown command.
The kobold hits you (1).
* * * LOW HITPOINT WARNING * * *
Unknown command.
The kobold barely misses you.
Unknown command.
Unknown command.
There are no items here.
Unknown command.
Unknown command.
You barely miss the kobold. The kobold barely misses you.
You hit the kobold but do no damage. The kobold barely misses you.
You hit the kobold (4).
You kill the kobold!
You start resting.
HP restored.
Found a scroll of noise.
You see here a scroll of noise.
You see here a scroll of noise.
You now have 25 gold pieces (gained 12).
A ball python comes into view.
The ball python hisses angrily.
The ball python misses you. x2
You hit the ball python (1).
The ball python is moderately wounded.
The ball python bites you (1). The ball python completely misses you.
You closely miss the ball python.
The ball python is moderately wounded.
The ball python bites you (2). The ball python grabs you.
The ball python constricts you (0).
You hit the ball python (4).
You kill the ball python!
Search for what [? for help]? noise You see here a scroll of noise.
a - a scroll of noise
Found a stone staircase leading down.
Found a +0 dagger.
There is a stone staircase leading down here.
A jackal comes into view.
A jackal is nearby!
A rat comes into view.
You see here a +0 dagger.
The jackal barks!
A jackal comes into view.
The jackal barks!
The jackal bites you (2).
You see here a +0 dagger.
You punch the rat (7)!
You kill the rat!
You closely miss the jackal. The jackal closely misses you.
You closely miss the jackal. The jackal bites you (1).
You hit the jackal but do no damage. The jackal bites you (2).
Unknown command.
You closely miss the jackal. The jackal barely misses you.
An ooze and a giant cockroach come into view.
You closely miss the jackal.
The ooze quivers.
The jackal closely misses you. The jackal bites you (3).
* * * LOW HITPOINT WARNING * * *
Unknown command.
You closely miss the jackal. The jackal bites you (2).
* * * LOW HITPOINT WARNING * * *
Unknown command.
You barely miss the jackal. The jackal barely misses you.
A goblin comes into view. It is wielding a +0 dagger.
You closely miss the jackal. The jackal closely misses you.
The goblin moves out of view.
The jackal bites you (2).
* * * LOW HITPOINT WARNING * * *
Unknown command.
You barely miss the jackal. The jackal bites you (1).
* * * LOW HITPOINT WARNING * * *
Unknown command.
You hit the jackal (2).
The jackal is heavily wounded.
The jackal bites you (3).
* * * LOW HITPOINT WARNING * * *
Unknown command.
You barely miss the jackal.
The jackal is heavily wounded.
The jackal misses you. The jackal bites you (3).
You die...

#.......#
#.......#
#.......# #.....#
#...# ###J# #h#
##### #h# #....
#@# ###.#[# #.#
#...### #.# #.###
#># #...# #.#
###.### #.####
#.....#
#....#######.###.#
####...##....#...#
###....####.###


You could see an ooze and 2 jackals.

Vanquished Creatures
  A ball python (D:1)
  A giant cockroach (D:1)
  A bat (D:1)
  A kobold (D:1)
  A rat (D:1)
5 creatures vanquished.

Notes
Turn   | Place    | Note
-------+----------+-------------------------------------------
     0 | D:1      | Implojin the Mummy Monk began the quest for the Orb.
     0 | D:1      | Reached XP level 1. HP: 18/18 MP: 2/2
    63 | D:1      | HP: 4/18 [kobold (3)]
   112 | D:1      | HP: 3/18 [kobold (2)]
   144 | D:1      | HP: 1/18 [kobold (4)]
   160 | D:1      | HP: 1/18 [kobold (1)]
   554 | D:1      | HP: 3/18 [jackal (3)]
   555 | D:1      | Slain by a jackal

Action                   || total
-------------------------++-------
Melee: Unarmed           ||    34
Dodge: Dodged            ||    19

Vault maps used:
D:1:      elethiomel_arrival_maze

Table legend:
 A = Turns spent in this place as a percentage of turns spent in the entire game.
 B = Non-inter-level travel turns spent in this place as a percentage of non-inter-level travel turns spent in the entire game.
 C = Inter-level travel turns spent in this place as a percentage of turns spent in this place.
 D = Turns resting spent in this place as a percentage of non-inter-level travel turns spent in this place.
 E = Turns spent auto-exploring this place as a percentage of non-inter-level travel turns spent in this place.
 F = Non-inter-level travel turns spent in this place divided by the number of levels of this place that you've seen.
                   A       B       C       D       E      F
               +-------+-------+-------+-------+-------+----------------------
         Total | 100.0 | 100.0 |   0.4 |   0.7 |   2.8 | 283.0
       Dungeon | 100.0 | 100.0 |   0.4 |   0.7 |   2.8 | 283.0
               +-------+-------+-------+-------+-------+----------------------

Table legend:
 A = Kills in this place as a percentage of kills in entire the game.
 B = Kills by you in this place as a percentage of kills by you in the entire game.
 C = Kills by friends in this place as a percentage of kills by friends in the entire game.
 D = Other kills in this place as a percentage of other kills in the entire game.
 E = Experience gained in this place as a percentage of experience gained in the entire game.
 F = Experience gained in this place divided by the number of levels of this place that you have seen.
                   A       B       C       D       E      F
               +-------+-------+-------+-------+-------+----------------------
         Total | 100.0 | 100.0 |  -nan |  -nan | 100.0 |   7.0
       Dungeon | 100.0 | 100.0 |  -nan |  -nan | 100.0 |   7.0
               +-------+-------+-------+-------+-------+----------------------
